 Dungeon Crawl Stone Soup version 0.21.0 (webtiles) character file.

39 MTVSty1e the Gusty (level 3, -1/21 HPs)
             Began as a Gargoyle Air Elementalist on Jan 7, 2018.
             Slain by Terence
             ... wielding a +2 mace of protection
              (7 damage)
             ... on level 2 of the Dungeon.
             The game lasted 00:03:48 (1661 turns).

MTVSty1e the Gusty (Gargoyle Air Elementalist)      Turns: 1661, Time: 00:03:49

Health: -1/21      AC: 11    Str: 12    XL:     3   Next: 45%
Magic:  6/6        EV: 10    Int: 15    God:
Gold:   45         SH:  0    Dex: 10    Spells: 5/6 levels left

rFire    + . .     SeeInvis .   d - +0 club
rCold    . . .     Gourm    .   (no shield)
rNeg     + . .     Faith    .   s - +0 ring mail
rPois    ∞         Spirit   .   o - +2 helmet
rElec    +         Reflect  .   (no cloak)
rCorr    .         Harm     .   (no gloves)
MR       .....                  (no boots)
Stlth    +.........             c - amulet of magic regeneration
HPRegen  0.07/turn              l - ring of protection from fire
MPRegen  0.35/turn              (no ring)

@: no status effects
A: negative energy resistance 1, electricity resistance, unbreathing,
petrification resistance, rot immunity, AC +3
a: no special abilities


You were on level 2 of the Dungeon.
You were not hungry.

You visited 1 branch of the dungeon, and saw 2 of its levels.

You collected 45 gold pieces.

Inventory:

Hand Weapons
 d - a +0 club (weapon)
Armour
 o - a +2 helmet (worn)
 s - a +0 ring mail (worn)
Jewellery
 c - an amulet of magic regeneration (around neck)
 l - a ring of protection from fire (left hand)
Scrolls
 a - a scroll of magic mapping {unknown}
 f - a scroll of teleportation {unknown}
 j - a scroll of random uselessness {unknown}
 k - a scroll of remove curse {unknown}
 m - a scroll of fear {unknown}
 n - 2 scrolls of amnesia {unknown}
 q - a scroll of identify {unknown}
Potions
 e - a potion of berserk rage {unknown}
 g - a potion of degeneration {unknown}
 h - a potion of flight {unknown}
 i - a potion of haste {unknown}
 p - a potion of curing {unknown}
Books
 b - a book of Air

   Spells                             Type                      Level
   a - Shock                          Conjuration/Air              1
   b - Swiftness                      Charms/Air                   2
   c - Static Discharge               Conjuration/Air              3
   d - Airstrike                      Air                          4
   e - Lightning Bolt                 Conjuration/Air              5


   Skills:
 + Level 2.0 Fighting
 * Level 2.1 Maces & Flails
 + Level 0.0 Armour
 + Level 1.5 Dodging
 - Level 2.1 Stealth
 - Level 2.0 Spellcasting
 - Level 1.1 Conjurations
 - Level 2.4 Air Magic


You had 5 spell levels left.
You knew the following spells:

 Your Spells              Type           Power        Failure   Level  Hunger
a - Shock                 Conj/Air       #...         24%         1    #......


Dungeon Overview and Level Annotations

Branches:
Dungeon (2/15)

Altars:

Annotations:
D:2 Terence


Innate Abilities, Weirdness & Mutations

You are resistant to torment.
Your stone body is resilient. (AC +3)
You are immune to poison.
You resist negative energy. (rN+)
You are resistant to electric shocks. (rElec)
You can survive without breathing.
You are immune to petrification.
You are immune to rotting.


Message History

Terence hits you but does no damage.
You hit Terence.
Terence is heavily wounded.
Terence hits you but does no damage.
Okay, then.
You hit Terence but do no damage.
Terence is heavily wounded.
Terence hits you but does no damage.
You hit Terence but do no damage.
Terence is heavily wounded.
Terence hits you with a mace of protection.
* * * LOW HITPOINT WARNING * * *
You hit Terence but do no damage.
Terence is heavily wounded.
Terence barely misses you.
Your magical contamination has completely faded away.
You completely miss Terence.
Terence is heavily wounded.
Terence hits you with a mace of protection!
You die...

#########
#.......# ###
#..###..# #..
#..###..# ..#
#..#....# #.##.##
#..#.#..##.......
#........@.....#
#.).....##@#####
##.#.##.# #.#
#.#..#.# #.#
#.##.#.# #..
#.....<# ...
####.### ... #.#
.. #.#


You could see Terence.

Vanquished Creatures
  An ooze (D:1)
  A worm (D:2)
  2 dart slugs (D:1)
  A leopard gecko (D:1)
  A ball python (D:1)
  5 bats (D:1)
  4 goblins
  2 hobgoblins (D:1)
  4 kobolds (D:1)
  2 frilled lizards (D:1)
  2 rats (D:1)
25 creatures vanquished.

Notes
Turn   | Place    | Note
-------+----------+-------------------------------------------
     0 | D:1      | MTVSty1e the Gargoyle Air Elementalist began the quest for the Orb.
     0 | D:1      | Reached XP level 1. HP: 10/10 MP: 3/3
    10 | D:1      | Reached skill level 1 in Fighting
    61 | D:1      | Reached skill level 1 in Maces & Flails
    61 | D:1      | Reached XP level 2. HP: 4/16 MP: 3/5
   853 | D:1      | Reached XP level 3. HP: 15/21 MP: 6/6
  1612 | D:2      | Noticed Terence
  1661 | D:2      | Slain by Terence

Skill      XL: |  1  2  3 |
---------------+----------+-----
Fighting       | 1 2 |  2.0
Maces & Flails | 1 2 |  2.1
Dodging        | |  1.5
Stealth        | |  2.1
Spellcasting   | |  2.0
Conjurations   | |  1.1
Air Magic      | |  2.4

Action                   || total
-------------------------++-------
Melee: Club              ||   137
       Unarmed           ||     6
 Cast: Shock             ||     9
 Stab: Sleeping          ||     2
  Eat: Ration            ||     1
Armor: Robe              ||    34
       Leather armour    ||    30
       Ring mail         ||    24
Dodge: Dodged            ||   120
